 Dungeon Crawl Stone Soup version 0.32-a0-131-g9dbbe29 (webtiles) character file.

Game seed: 16970015481710646091

7 edsrzf the Magician (level 2, 0/17 HPs)
             Began as an Octopode Hedge Wizard on Feb 8, 2024.
             Slain by Natasha (5 damage)
             ... on level 2 of the Dungeon.
             The game lasted 00:01:18 (558 turns).

edsrzf the Magician (Octopode Hedge Wizard)          Turns: 558, Time: 00:01:19

Health: 0/17       AC:  1    Str:  9    XL:     2   Next: 4%
Magic:  4/6        EV: 13    Int: 16    God:
Gold:   17         SH:  0    Dex: 11    Spells: 6/7 levels left

rFire   . . .        a - +0 dagger
rCold   . . .        (no shield)
rNeg    . . .        b - +0 hat
rPois   .            (no amulet)
rElec   .            (no ring)
rCorr   .            (no ring)
SInv    .            (no ring)
Will    .....        (no ring)
Stlth   +++          (no ring)
HPRegen 0.22/turn    (no ring)
MPRegen 0.10/turn    (no ring)
                     (no ring)

%: no passive effects
@: very slightly contaminated
A: almost no armour, amphibious, 8 rings, camouflage 1, gelatinous body 1,
(nimble swimmer 1), tentacles
a: no special abilities


You were on level 2 of the Dungeon.
You visited 1 branch of the dungeon, and saw 2 of its levels.

You collected 17 gold pieces.

Inventory:

Hand Weapons
 a - a +0 dagger (weapon)
Armour
 b - a +0 hat (worn)
Scrolls
 d - a scroll of teleportation {unknown}
 e - a scroll of butterflies {unknown}
Potions
 c - a potion of magic


   Skills:
 - Level 2.0 Dodging
 - Level 2.6 Stealth
 - Level 3.0 Spellcasting
 + Level 2.0 Conjurations
 - Level 1.0 Summonings
 - Level 1.0 Translocations


You had 6 spell levels left.
You knew the following spells:

 Your Spells              Type           Power      Damage    Failure   Level
X - Magic Dart            Conj           36%        1d4       9%          1

Your spell library contained the following spells:

 Spells                   Type           Power      Damage    Failure   Level
 Slow                     Hex            8%         N/A       19%         1
 Blink                    Tloc           10%        N/A       19%         2
 Call Imp                 Summ           10%        N/A       19%         2
 Cigotuvi's Dreadful Rot  Necr/Alch/Air  4%         N/A       28%         2
 Mephitic Cloud           Conj/Alch/Air  4%         N/A       38%         3


Dungeon Overview and Level Annotations

Branches:
Dungeon (2/15)

Altars:

Annotations:
D:2 Natasha, Sigmund, Terence


Innate Abilities, Weirdness & Mutations

You cannot wear most types of armour.
You are amphibious.
You can wear up to eight rings at the same time.
Your skin changes colour to match your surroundings (Stealth+).
Your rubbery body absorbs attacks. (AC +1, EV +1)
((You are camouflaged when in or above water. (Stealth+)))
You have tentacles for arms and can constrict up to eight enemies at once.


Message History

Things that are here:
a +0 whip; a stone A gnoll comes into view.
It is wielding a +0 flail.
The gnoll shouts!
You see here a bat corpse.
There is a stone staircase leading down here.
You climb downwards.
Found a whip.
There is a stone staircase leading up here.
A bat comes into view.
Casting: Magic Dart (safe; 9% risk of failure)
Confirm with . or Enter, or press ? or * to list all spells.
The magic dart hits the bat but does no damage.
Casting: Magic Dart (safe; 9% risk of failure)
Confirm with . or Enter, or press ? or * to list all spells.
The magic dart hits the bat.
The bat is moderately wounded.
The bat hits you. The bat closely misses you.
Casting: Magic Dart (safe; 9% risk of failure)
Confirm with . or Enter, or press ? or * to list all spells.
The magic dart hits the bat.
The bat is moderately wounded.
The bat hits you but does no damage. The bat barely misses you.
Casting: Magic Dart (safe; 9% risk of failure)
Confirm with . or Enter, or press ? or * to list all spells.
The magic dart hits the bat.
You kill the bat!
You start resting.
HP restored.
You start resting.
Magic restored.
You see here a bat corpse.
Found 9 gold pieces.
Found 8 stones.
You now have 17 gold pieces (gained 9).
Found a scroll labelled SOVVIEGAZIW.
Found a scroll labelled CIGRUXZ ARURCH.
e - a scroll labelled CIGRUXZ ARURCH A giant cockroach comes into view.
Casting: Magic Dart (safe; 9% risk of failure)
Confirm with . or Enter, or press ? or * to list all spells.
The magic dart hits the giant cockroach.
The giant cockroach is heavily wounded.
Casting: Magic Dart (safe; 9% risk of failure)
Confirm with . or Enter, or press ? or * to list all spells.
The magic dart hits the giant cockroach but does no damage.
The giant cockroach is heavily wounded.
Casting: Magic Dart (safe; 9% risk of failure)
Confirm with . or Enter, or press ? or * to list all spells.
The magic dart hits the giant cockroach.
You kill the giant cockroach!
Your Conjurations skill increases to level 2!
You have reached level 2!
You start resting.
Magic restored.
Natasha, Servant of Life and Death comes into view.
Press: ? - help, v - describe, . - travel
Here: Natasha (asleep)
The floor.
Placed new exclusion.
Sigmund the Dreaded comes into view.
He is wielding a +2 scythe of freezing.
Press: ? - help, v - describe, . - travel
Here: Sigmund, wielding a +2 scythe of freezing and wearing a +0 robe (asleep)
The floor.
Placed new exclusion.
Found 16 gold pieces.
Natasha hisses angrily.
Natasha completely misses you.
You miss Natasha. Your grab misses Natasha. Natasha closely misses you.
You miss Natasha. Your grab misses Natasha.
Natasha mumbles some strange words.
You barely miss Natasha. You grab Natasha.
You squeeze Natasha, but do no damage. You constrict Natasha.
Natasha claws you!
The cerulean imp hits you with a +2 spear.
You hit Natasha but do no damage.
Natasha is lightly wounded.
You constrict Natasha, but do no damage.
Natasha closely misses you. The cerulean imp closely misses you.
Casting: Magic Dart (safe; 9% risk of failure)
Confirm with . or Enter, or press ? or * to list all spells.
Aiming: Magic Dart (safe; 9% risk of failure)
Press: ? - help, Shift-Dir - straight line, f - Natasha
Aim: Natasha (lightly wounded, constricted by you, 100% to hit)
You miscast Magic Dart.
You are very lightly contaminated with residual magic.
Nothing appears to happen.
You constrict Natasha. Natasha claws you but does no damage.
The cerulean imp hits you with a +2 spear.
* * * LOW HITPOINT WARNING * * *
Okay, then.
Casting: Magic Dart (safe; 9% risk of failure)
Confirm with . or Enter, or press ? or * to list all spells.
Aiming: Magic Dart (safe; 9% risk of failure)
Press: ? - help, Shift-Dir - straight line, f/p - Natasha
Aim: Natasha (lightly wounded, constricted by you, 100% to hit)
You miscast Magic Dart.
Nothing appears to happen.
You constrict Natasha. Natasha claws you.
You die...
Natasha begins licking her fur clean.

######### #######
....$..h# #......
#@##########.##...
#5...............#
#####..#########.#####
.................#
..........##.#####
#.####.###.##....@..#
# #.# #.########.# #.#
#.# #. #.#


You could see Natasha and a cerulean imp (summoned).

Vanquished Creatures
  3 giant cockroaches
  A kobold (D:1)
  A ball python (D:1)
  2 bats
7 creatures vanquished.

Notes
Turn   | Place    | Note
-------+----------+-------------------------------------------
     0 | D:1      | edsrzf the Octopode Hedge Wizard began the quest for the
                  | Orb.
     0 | D:1      | Reached XP level 1. HP: 11/11 MP: 4/4
   365 | D:2      | Noticed Terence
   472 | D:2      | Reached skill level 2 in Conjurations
   472 | D:2      | Reached XP level 2. HP: 17/17 MP: 1/6
   532 | D:2      | Noticed Natasha
   537 | D:2      | Noticed Sigmund
   558 | D:2      | Slain by Natasha

Illustrated notes

Levels and vault maps discovered:
D:1:      dpeg_arrival_rooms_a, layout_basic, minmay_hexomino_f4
D:2:      layout_loops_ring, hellmonk_ecumenical_altar_run_dry, uniq_terence,
          uniq_natasha, uniq_sigmund

Skill      XL: |  1 |
---------------+----+-----
Conjurations   | 2 |  2.0
Dodging        | |  2.0
Stealth        | |  2.6
Spellcasting   | |  3.0
Summonings     | |  1.0
Translocations | |  1.0

Action                     || total
---------------------------++-------
  Melee: Dagger            ||     7
         Constrict         ||     2
         Tentacles         ||     1
   Cast: Magic Dart        ||    18
 Armour: Skin              ||     9
  Dodge: Dodged            ||     9

Table legend: (Time is in decaauts)
 A = Elapsed time spent in this place.
 B = Non-inter-level travel time spent in this place.
 C = Inter-level travel time spent in this place.
 D = Time resting spent in this place.
 E = Time spent auto-exploring this place.
 F = Levels seen in this place.
 G = Mean time per level.
                   A        B        C        D        E       F      G
               +--------+--------+--------+--------+--------+-----+--------+
         Total |    557 |    557 |      0 |    199 |    197 |   2 |  278.5 |
       Dungeon |    557 |    557 |      0 |    199 |    197 |   2 |  278.5 |
               +--------+--------+--------+--------+--------+-----+--------+

Top non-repeatable levels by time:
     D:1: 365 daAuts
     D:2: 192 daAuts
